Workbook

Sheet Setup
A1: Nonprofit Annual Operating Budget – Setup & Instructions
A3: Key settings
A5: Organization name | B5: Sample Community Nonprofit
A6: Fiscal year | B6: FY2027
A7: Program 1 name | B7: Youth Education
A8: Program 2 name | B8: Family Services
A9: Benefits rate (% of salaries) | B9: 0.173
A10: Payroll tax rate (% of salaries) | B10: 0.0765
A11: Beginning cash balance | B11: 250000
A12: Operating reserve target (months of expenses) | B12: 3
A15: Legend
A16: Blue text on yellow = input you should edit
A17: Blue text = input / sample value to replace
A18: Black text = formula (don't overwrite)
A19: Green text = pulled from another sheet
A21: How to use this workbook
A22: 1. Fill in the settings above (program names flow through every sheet).
A23: 2. Personnel: list each position, FTE, full-time salary, and % of time spent on each function. Each row must total 100%.
A24: 3. Revenue: replace the sample lines with your funding sources. Keep the Category names so Cash Flow totals work.
A25: Set Status and Confidence % for each line – Risk-Adjusted shows what you can realistically count on.
A26: 4. Expenses: enter non-personnel costs and how each splits across Programs / Management & General / Fundraising.
A27: Personnel rows fill in automatically from the Personnel sheet.
... A30: All figures in the sample are illustrative placeholders for a ~$1M organization – replace them with your own.

Sheet Summary
A1: =Setup!B5 -> Sample Community Nonprofit
A2: ="Annual Operating Budget – "&Setup!B6 -> Annual Operating Budget – FY2027
A4: Revenue | B4: Prior Year | C4: Budget | D4: % of Total | E4: Risk-Adjusted
A5: Foundation & Corporate Grants | B5: =SUMIF(Revenue!$A$5:$A$20,$A5,Revenue!$C$5:$C$20) -> 360000 | C5: =SUMIF(Revenue!$A$5:$A$20,$A5,Revenue!$D$5:$D$20) -> 410000 | D5: =IFERROR(C5/$C$10,0) -> 0.367713 | E5: =SUMIF(Revenue!$A$5:$A$20,$A5,Revenue!$I$5:$I$20) -> 307500
A6: Individual Giving | B6: =SUMIF(Revenue!$A$5:$A$20,$A6,Revenue!$C$5:$C$20) -> 368000 | C6: =SUMIF(Revenue!$A$5:$A$20,$A6,Revenue!$D$5:$D$20) -> 420000 | D6: =IFERROR(C6/$C$10,0) -> 0.37668161 | E6: =SUMIF(Revenue!$A$5:$A$20,$A6,Revenue!$I$5:$I$20) -> 357000
A7: Events | B7: =SUMIF(Revenue!$A$5:$A$20,$A7,Revenue!$C$5:$C$20) -> 135000 | C7: =SUMIF(Revenue!$A$5:$A$20,$A7,Revenue!$D$5:$D$20) -> 150000 | D7: =IFERROR(C7/$C$10,0) -> 0.13452915 | E7: =SUMIF(Revenue!$A$5:$A$20,$A7,Revenue!$I$5:$I$20) -> 120000
A8: Earned Revenue | B8: =SUMIF(Revenue!$A$5:$A$20,$A8,Revenue!$C$5:$C$20) -> 117000 | C8: =SUMIF(Revenue!$A$5:$A$20,$A8,Revenue!$D$5:$D$20) -> 130000 | D8: =IFERROR(C8/$C$10,0) -> 0.11659193 | E8: =SUMIF(Revenue!$A$5:$A$20,$A8,Revenue!$I$5:$I$20) -> 111000
A9: Other | B9: =SUMIF(Revenue!$A$5:$A$20,$A9,Revenue!$C$5:$C$20) -> 4000 | C9: =SUMIF(Revenue!$A$5:$A$20,$A9,Revenue!$D$5:$D$20) -> 5000 | D9: =IFERROR(C9/$C$10,0) -> 0.0044843049 | E9: =SUMIF(Revenue!$A$5:$A$20,$A9,Revenue!$I$5:$I$20) -> 4500
A10: Total Revenue | B10: =SUM(B5:B9) -> 984000 | C10: =SUM(C5:C9) -> 1115000 | D10: =SUM(D5:D9) -> 1 | E10: =SUM(E5:E9) -> 900000
A11: Revenue check vs Revenue sheet | C11: =IF(ABS(C10-Revenue!D21)<1,"OK","Uncategorized revenue – check Category names") -> OK
A13: Expenses by Function | B13: Prior Year | C13: Budget | D13: % of Total
A14: =Setup!$B$7 -> Youth Education | B14: 388855.39 | C14: =Expenses!K27 -> 430419.5 | D14: =IFERROR(C14/$C$18,0) -> 0.40665211
A15: =Setup!$B$8 -> Family Services | B15: 337148.47 | C15: =Expenses!L27 -> 371534 | D15: =IFERROR(C15/$C$18,0) -> 0.35101821
A16: Management & General | B16: 93879.904 | C16: =Expenses!M27 -> 107660.25 | D16: =IFERROR(C16/$C$18,0) -> 0.10171534
A17: Fundraising | B17: 133316.24 | C17: =Expenses!N27 -> 148832.75 | D17: =IFERROR(C17/$C$18,0) -> 0.14061433
A18: Total Expenses | B18: =SUM(B14:B17) -> 953200 | C18: =SUM(C14:C17) -> 1058446.5 | D18: =SUM(D14:D17) -> 1
A20: Net Surplus / (Deficit) | B20: =B10-B18 -> 30800 | C20: =C10-C18 -> 56553.5 | D20: =IFERROR(C20/C10,0) -> 0.050720628 | E20: =E10-C18 -> -158446.5
A22: Key Performance Indicators
A23: Program expense ratio | B23: =IFERROR((C14+C15)/C18,0) -> 0.75767032 | C23: Many funders and watchdogs look for roughly 65–75%+
A24: Fundraising cost per $1 raised | B24: =IFERROR(C17/SUM(C5:C7),0) -> 0.15187015 | C24: Fundraising expenses ÷ contributed revenue (grants, gifts, events)
A25: Revenue growth vs prior year | B25: =IFERROR(C10/B10-1,0) -> 0.13313008
A26: Expense growth vs prior year | B26: =IFERROR(C18/B18-1,0) -> 0.11041387
A27: Monthly operating expenses | B27: =C18/12 -> 88203.875
A28: Operating reserve target | B28: =Setup!B12*C18/12 -> 264611.62 | C28: Setup months × monthly expenses
A29: Beginning cash (Setup) | B29: =Setup!B11 -> 250000
A30: Change in Cash | B30: =C20 -> 56553.5
A31: Ending Cash | B31: =B29+B30 -> 306553.5
A32: Months of cash on hand at start | B32: =IFERROR(B29/B27,0) -> 2.8343426
A33: Months of cash on hand at end | B33: =B31/B27 -> 3.4755106
A34: Lowest projected month-end cash | B34: ='Cash Flow'!B28 -> 151065.13 | C34: From Cash Flow sheet
A35: Month of lowest cash | B35: ='Cash Flow'!B29 -> Sep

Sheet Revenue
A1: Revenue Budget
A2: =Setup!B5&" – "&Setup!B6 -> Sample Community Nonprofit – FY2027
A4: Category | B4: Source / Line Item | C4: Prior Year Actual | D4: Budget | E4: Change vs PY - $ | F4: Change vs PY - % | G4: Status | H4: Confidence % | I4: Risk-Adjusted | J4: Restricted? | K4: Notes
A5: Foundation & Corporate Grants | B5: XYZ Family Foundation – general operating | C5: 140000 | D5: 150000 | E5: =D5-C5 -> 10000 | F5: =IFERROR(D5/C5-1,0) -> 0.071428571 | G5: Committed | H5: 1 | I5: =D5*H5 -> 150000 | J5: No | K5: Year 2 of 3-year award
A6: Foundation & Corporate Grants | B6: ABC Foundation – Youth Education program | C6: 110000 | D6: 125000 | E6: =D6-C6 -> 15000 | F6: =IFERROR(D6/C6-1,0) -> 0.13636364 | G6: Pending | H6: 0.6 | I6: =D6*H6 -> 75000 | J6: Yes | K6: Proposal submitted; decision expected Q2
A7: Foundation & Corporate Grants | B7: DEF Foundation – Family Services program | C7: 60000 | D7: 75000 | E7: =D7-C7 -> 15000 | F7: =IFERROR(D7/C7-1,0) -> 0.25 | G7: Pending | H7: 0.7 | I7: =D7*H7 -> 52500 | J7: Yes | K7: Renewal request
A8: Foundation & Corporate Grants | B8: Corporate grants & sponsorships | C8: 50000 | D8: 60000 | E8: =D8-C8 -> 10000 | F8: =IFERROR(D8/C8-1,0) -> 0.2 | G8: Prospective | H8: 0.5 | I8: =D8*H8 -> 30000 | J8: Mixed
A9: Individual Giving | B9: Major gifts ($5,000+) | C9: 190000 | D9: 225000 | E9: =D9-C9 -> 35000 | F9: =IFERROR(D9/C9-1,0) -> 0.18421053 | G9: Prospective | H9: 0.8 | I9: =D9*H9 -> 180000 | J9: No | K9: Based on donor pipeline
A10: Individual Giving | B10: Annual fund / online giving | C10: 110000 | D10: 120000 | E10: =D10-C10 -> 10000 | F10: =IFERROR(D10/C10-1,0) -> 0.090909091 | G10: Prospective | H10: 0.85 | I10: =D10*H10 -> 102000 | J10: No | K10: Year-end appeal is largest driver
A11: Individual Giving | B11: Monthly recurring donors | C11: 40000 | D11: 45000 | E11: =D11-C11 -> 5000 | F11: =IFERROR(D11/C11-1,0) -> 0.125 | G11: Committed | H11: 1 | I11: =D11*H11 -> 45000 | J11: No
A12: Individual Giving | B12: Board giving | C12: 28000 | D12: 30000 | E12: =D12-C12 -> 2000 | F12: =IFERROR(D12/C12-1,0) -> 0.071428571 | G12: Committed | H12: 1 | I12: =D12*H12 -> 30000 | J12: No | K12: 100% board participation goal
A13: Events | B13: Annual gala (gross) | C13: 135000 | D13: 150000 | E13: =D13-C13 -> 15000 | F13: =IFERROR(D13/C13-1,0) -> 0.11111111 | G13: Prospective | H13: 0.8 | I13: =D13*H13 -> 120000 | J13: No | K13: Direct costs in Expenses → Event costs
A14: Earned Revenue | B14: Program service fees | C14: 85000 | D14: 90000 | E14: =D14-C14 -> 5000 | F14: =IFERROR(D14/C14-1,0) -> 0.058823529 | G14: Prospective | H14: 0.9 | I14: =D14*H14 -> 81000 | J14: No
A15: Earned Revenue | B15: Workshops & training | C15: 32000 | D15: 40000 | E15: =D15-C15 -> 8000 | F15: =IFERROR(D15/C15-1,0) -> 0.25 | G15: Prospective | H15: 0.75 | I15: =D15*H15 -> 30000 | J15: No
A16: Other | B16: Interest & investment income | C16: 4000 | D16: 5000 | E16: =D16-C16 -> 1000 | F16: =IFERROR(D16/C16-1,0) -> 0.25 | G16: Prospective | H16: 0.9 | I16: =D16*H16 -> 4500 | J16: No
F17: =IFERROR(D17/C17-1,0) -> 0 | I17: =D17*H17 -> 0
F18: =IFERROR(D18/C18-1,0) -> 0 | I18: =D18*H18 -> 0
F19: =IFERROR(D19/C19-1,0) -> 0 | I19: =D19*H19 -> 0
F20: =IFERROR(D20/C20-1,0) -> 0 | I20: =D20*H20 -> 0
A21: Total Revenue | C21: =SUM(C5:C20) -> 984000 | D21: =SUM(D5:D20) -> 1115000 | E21: =SUM(E5:E20) -> 131000 | F21: =IFERROR(D21/C21-1,0) -> 0.13313008 | I21: =SUM(I5:I20) -> 900000
A23: Category names (use exactly these so totals roll up):
A24: Foundation & Corporate Grants
A25: Individual Giving
A26: Events
A27: Earned Revenue
A28: Other
A30: Status guide: Committed = signed/awarded · Pending = request submitted · Prospective = planned/estimated

Sheet Personnel
A1: Personnel Budget
A2: =Setup!B5&" – "&Setup!B6 -> Sample Community Nonprofit – FY2027
A4: Position | B4: 100% Role Filled during the year | C4: Annual Salary | D4: Budgeted Salary | E4: =Setup!$B$7&" %" -> Youth Education % | F4: =Setup!$B$8&" %" -> Family Services % | G4: Mgmt & General % | H4: Fundraising % | I4: Allocation Check | J4: Notes
A5: Executive Director | B5: 1 | C5: 110000 | D5: =C5*B5 -> 110000 | E5: 0.25 | F5: 0.15 | G5: 0.45 | H5: 0.15 | I5: =IF(A5="","",IF(ABS(SUM(E5:H5)-1)<0.001,"OK","Must = 100%")) -> OK
A6: Program Director | B6: 1 | C6: 90000 | D6: =C6*B6 -> 90000 | E6: 0.6 | F6: 0.4 | G6: 0 | H6: 0 | I6: =IF(A6="","",IF(ABS(SUM(E6:H6)-1)<0.001,"OK","Must = 100%")) -> OK
A7: Program Coordinator – Youth Ed | B7: 1 | C7: 85000 | D7: =C7*B7 -> 85000 | E7: 1 | F7: 0 | G7: 0 | H7: 0 | I7: =IF(A7="","",IF(ABS(SUM(E7:H7)-1)<0.001,"OK","Must = 100%")) -> OK
A8: Program Coordinator – Family Svcs | B8: 1 | C8: 85000 | D8: =C8*B8 -> 85000 | E8: 0 | F8: 1 | G8: 0 | H8: 0 | I8: =IF(A8="","",IF(ABS(SUM(E8:H8)-1)<0.001,"OK","Must = 100%")) -> OK
A9: Programs Associate | B9: 1 | C9: 72000 | D9: =C9*B9 -> 72000 | E9: 0.5 | F9: 0.5 | I9: =IF(A9="","",IF(ABS(SUM(E9:H9)-1)<0.001,"OK","Must = 100%")) -> OK
A10: Programs Associate | B10: 1 | C10: 72000 | D10: =C10*B10 -> 72000 | E10: 0.5 | F10: 0.5 | I10: =IF(A10="","",IF(ABS(SUM(E10:H10)-1)<0.001,"OK","Must = 100%")) -> OK
A11: Development Director | B11: 1 | C11: 48000 | D11: =C11*B11 -> 48000 | E11: 0 | F11: 0 | G11: 0 | H11: 1 | I11: =IF(A11="","",IF(ABS(SUM(E11:H11)-1)<0.001,"OK","Must = 100%")) -> OK
A12: Programs Associate | B12: =9/12 -> 0.75 | C12: 60000 | D12: =C12*B12 -> 45000 | E12: 0.5 | F12: 0.5 | G12: 0 | H12: 0 | I12: =IF(A12="","",IF(ABS(SUM(E12:H12)-1)<0.001,"OK","Must = 100%")) -> OK
D13: =C13*B13 -> 0 | I13: =IF(A13="","",IF(ABS(SUM(E13:H13)-1)<0.001,"OK","Must = 100%"))
D14: =C14*B14 -> 0 | I14: =IF(A14="","",IF(ABS(SUM(E14:H14)-1)<0.001,"OK","Must = 100%"))
D15: =C15*B15 -> 0 | I15: =IF(A15="","",IF(ABS(SUM(E15:H15)-1)<0.001,"OK","Must = 100%"))
D16: =C16*B16 -> 0 | I16: =IF(A16="","",IF(ABS(SUM(E16:H16)-1)<0.001,"OK","Must = 100%"))
A17: Total | B17: =SUM(B5:B16) -> 7.75 | D17: =SUM(D5:D16) -> 607000
A19: Personnel cost by function
A20: Cost type | B20: =Setup!$B$7 -> Youth Education | C20: =Setup!$B$8 -> Family Services | D20: Mgmt & General | E20: Fundraising | F20: Total
A21: Salaries | B21: =SUMPRODUCT($D$5:$D$16,E$5:E$16) -> 261000 | C21: =SUMPRODUCT($D$5:$D$16,F$5:F$16) -> 232000 | D21: =SUMPRODUCT($D$5:$D$16,G$5:G$16) -> 49500 | E21: =SUMPRODUCT($D$5:$D$16,H$5:H$16) -> 64500 | F21: =SUM(B21:E21) -> 607000
A22: Benefits | B22: =B21*Setup!$B$9 -> 45153 | C22: =C21*Setup!$B$9 -> 40136 | D22: =D21*Setup!$B$9 -> 8563.5 | E22: =E21*Setup!$B$9 -> 11158.5 | F22: =SUM(B22:E22) -> 105011
A23: Payroll taxes | B23: =B21*Setup!$B$10 -> 19966.5 | C23: =C21*Setup!$B$10 -> 17748 | D23: =D21*Setup!$B$10 -> 3786.75 | E23: =E21*Setup!$B$10 -> 4934.25 | F23: =SUM(B23:E23) -> 46435.5
A24: Total personnel | B24: =SUM(B21:B23) -> 326119.5 | C24: =SUM(C21:C23) -> 289884 | D24: =SUM(D21:D23) -> 61850.25 | E24: =SUM(E21:E23) -> 80592.75 | F24: =SUM(B24:E24) -> 758446.5

Sheet Expenses
A1: Expense Budget (Functional Allocation)
A2: =Setup!B5&" – "&Setup!B6 -> Sample Community Nonprofit – FY2027
A4: Category | B4: Line Item | C4: Prior Year Actual | D4: Budget | E4: Change vs PY - $ | F4: Change vs PY - % | G4: =Setup!$B$7&" %" -> Youth Education % | H4: =Setup!$B$8&" %" -> Family Services % | I4: M&G % | J4: Fundraising % | K4: =Setup!$B$7&" $" -> Youth Education $ | L4: =Setup!$B$8&" $" -> Family Services $ | M4: M&G $ | N4: Fundraising $ | O4: Allocation Check | P4: Notes
A5: Personnel | B5: Salaries | C5: 555000 | D5: =Personnel!F21 -> 607000 | E5: =D5-C5 -> 52000 | F5: =IFERROR(D5/C5-1,"") -> 0.093693694 | G5: =IFERROR(K5/$D5,0) -> 0.42998353 | H5: =IFERROR(L5/$D5,0) -> 0.38220758 | I5: =IFERROR(M5/$D5,0) -> 0.0815486 | J5: =IFERROR(N5/$D5,0) -> 0.1062603 | K5: =Personnel!B21 -> 261000 | L5: =Personnel!C21 -> 232000 | M5: =Personnel!D21 -> 49500 | N5: =Personnel!E21 -> 64500 | O5: =IF(ABS(SUM(K5:N5)-D5)<1,"OK","Check") -> OK | P5: Auto-filled from Personnel sheet
A6: Personnel | B6: Benefits | C6: 97000 | D6: =Personnel!F22 -> 105011 | E6: =D6-C6 -> 8011 | F6: =IFERROR(D6/C6-1,"") -> 0.082587629 | G6: =IFERROR(K6/$D6,0) -> 0.42998353 | H6: =IFERROR(L6/$D6,0) -> 0.38220758 | I6: =IFERROR(M6/$D6,0) -> 0.0815486 | J6: =IFERROR(N6/$D6,0) -> 0.1062603 | K6: =Personnel!B22 -> 45153 | L6: =Personnel!C22 -> 40136 | M6: =Personnel!D22 -> 8563.5 | N6: =Personnel!E22 -> 11158.5 | O6: =IF(ABS(SUM(K6:N6)-D6)<1,"OK","Check") -> OK | P6: Auto-filled from Personnel sheet
A7: Personnel | B7: Payroll taxes | C7: 42000 | D7: =Personnel!F23 -> 46435.5 | E7: =D7-C7 -> 4435.5 | F7: =IFERROR(D7/C7-1,"") -> 0.10560714 | G7: =IFERROR(K7/$D7,0) -> 0.42998353 | H7: =IFERROR(L7/$D7,0) -> 0.38220758 | I7: =IFERROR(M7/$D7,0) -> 0.0815486 | J7: =IFERROR(N7/$D7,0) -> 0.1062603 | K7: =Personnel!B23 -> 19966.5 | L7: =Personnel!C23 -> 17748 | M7: =Personnel!D23 -> 3786.75 | N7: =Personnel!E23 -> 4934.25 | O7: =IF(ABS(SUM(K7:N7)-D7)<1,"OK","Check") -> OK | P7: Auto-filled from Personnel sheet
A8: Occupancy | B8: Rent | C8: 58000 | D8: 60000 | E8: =D8-C8 -> 2000 | F8: =IFERROR(D8/C8-1,"") -> 0.034482759 | G8: 0.45 | H8: 0.35 | I8: 0.12 | J8: 0.08 | K8: =$D8*G8 -> 27000 | L8: =$D8*H8 -> 21000 | M8: =$D8*I8 -> 7200 | N8: =$D8*J8 -> 4800 | O8: =IF(D8=0,"",IF(ABS(SUM(G8:J8)-1)<0.001,"OK","Must = 100%")) -> OK
A9: Occupancy | B9: Utilities | C9: 7500 | D9: 8000 | E9: =D9-C9 -> 500 | F9: =IFERROR(D9/C9-1,"") -> 0.066666667 | G9: 0.45 | H9: 0.35 | I9: 0.12 | J9: 0.08 | K9: =$D9*G9 -> 3600 | L9: =$D9*H9 -> 2800 | M9: =$D9*I9 -> 960 | N9: =$D9*J9 -> 640 | O9: =IF(D9=0,"",IF(ABS(SUM(G9:J9)-1)<0.001,"OK","Must = 100%")) -> OK
A10: Program | B10: Program supplies & materials | C10: 48000 | D10: 55000 | E10: =D10-C10 -> 7000 | F10: =IFERROR(D10/C10-1,"") -> 0.14583333 | G10: 0.6 | H10: 0.4 | I10: 0 | J10: 0 | K10: =$D10*G10 -> 33000 | L10: =$D10*H10 -> 22000 | M10: =$D10*I10 -> 0 | N10: =$D10*J10 -> 0 | O10: =IF(D10=0,"",IF(ABS(SUM(G10:J10)-1)<0.001,"OK","Must = 100%")) -> OK
A11: Program | B11: Contract services / consultants | C11: 15000 | D11: 20000 | E11: =D11-C11 -> 5000 | F11: =IFERROR(D11/C11-1,"") -> 0.33333333 | G11: 0.55 | H11: 0.45 | I11: 0 | J11: 0 | K11: =$D11*G11 -> 11000 | L11: =$D11*H11 -> 9000 | M11: =$D11*I11 -> 0 | N11: =$D11*J11 -> 0 | O11: =IF(D11=0,"",IF(ABS(SUM(G11:J11)-1)<0.001,"OK","Must = 100%")) -> OK
A12: Admin | B12: Professional fees (audit, legal) | C12: 25000 | D12: 30000 | E12: =D12-C12 -> 5000 | F12: =IFERROR(D12/C12-1,"") -> 0.2 | G12: 0.1 | H12: 0.1 | I12: 0.8 | J12: 0 | K12: =$D12*G12 -> 3000 | L12: =$D12*H12 -> 3000 | M12: =$D12*I12 -> 24000 | N12: =$D12*J12 -> 0 | O12: =IF(D12=0,"",IF(ABS(SUM(G12:J12)-1)<0.001,"OK","Must = 100%")) -> OK | P12: Annual audit if required by funders/state
A13: Admin | B13: Insurance | C13: 8500 | D13: 9000 | E13: =D13-C13 -> 500 | F13: =IFERROR(D13/C13-1,"") -> 0.058823529 | G13: 0.4 | H13: 0.4 | I13: 0.15 | J13: 0.05 | K13: =$D13*G13 -> 3600 | L13: =$D13*H13 -> 3600 | M13: =$D13*I13 -> 1350 | N13: =$D13*J13 -> 450 | O13: =IF(D13=0,"",IF(ABS(SUM(G13:J13)-1)<0.001,"OK","Must = 100%")) -> OK
A14: Admin | B14: Technology & software | C14: 13000 | D14: 15000 | E14: =D14-C14 -> 2000 | F14: =IFERROR(D14/C14-1,"") -> 0.15384615 | G14: 0.35 | H14: 0.3 | I14: 0.2 | J14: 0.15 | K14: =$D14*G14 -> 5250 | L14: =$D14*H14 -> 4500 | M14: =$D14*I14 -> 3000 | N14: =$D14*J14 -> 2250 | O14: =IF(D14=0,"",IF(ABS(SUM(G14:J14)-1)<0.001,"OK","Must = 100%")) -> OK | P14: Includes donor CRM
A15: Fundraising | B15: Printing & postage | C15: 1900 | D15: 2000 | E15: =D15-C15 -> 100 | F15: =IFERROR(D15/C15-1,"") -> 0.052631579 | G15: 0.1 | H15: 0.1 | I15: 0.1 | J15: 0.7 | K15: =$D15*G15 -> 200 | L15: =$D15*H15 -> 200 | M15: =$D15*I15 -> 200 | N15: =$D15*J15 -> 1400 | O15: =IF(D15=0,"",IF(ABS(SUM(G15:J15)-1)<0.001,"OK","Must = 100%")) -> OK
A16: Program | B16: Travel & mileage | C16: 11000 | D16: 12000 | E16: =D16-C16 -> 1000 | F16: =IFERROR(D16/C16-1,"") -> 0.090909091 | G16: 0.5 | H16: 0.45 | I16: 0.05 | J16: 0 | K16: =$D16*G16 -> 6000 | L16: =$D16*H16 -> 5400 | M16: =$D16*I16 -> 600 | N16: =$D16*J16 -> 0 | O16: =IF(D16=0,"",IF(ABS(SUM(G16:J16)-1)<0.001,"OK","Must = 100%")) -> OK
A17: Admin | B17: Staff training & development | C17: 4500 | D17: 6000 | E17: =D17-C17 -> 1500 | F17: =IFERROR(D17/C17-1,"") -> 0.33333333 | G17: 0.4 | H17: 0.4 | I17: 0.15 | J17: 0.05 | K17: =$D17*G17 -> 2400 | L17: =$D17*H17 -> 2400 | M17: =$D17*I17 -> 900 | N17: =$D17*J17 -> 300 | O17: =IF(D17=0,"",IF(ABS(SUM(G17:J17)-1)<0.001,"OK","Must = 100%")) -> OK
A18: Fundraising | B18: Event costs (gala direct expenses) | C18: 42000 | D18: 45000 | E18: =D18-C18 -> 3000 | F18: =IFERROR(D18/C18-1,"") -> 0.071428571 | G18: 0 | H18: 0 | I18: 0 | J18: 1 | K18: =$D18*G18 -> 0 | L18: =$D18*H18 -> 0 | M18: =$D18*I18 -> 0 | N18: =$D18*J18 -> 45000 | O18: =IF(D18=0,"",IF(ABS(SUM(G18:J18)-1)<0.001,"OK","Must = 100%")) -> OK | P18: Venue, catering, AV
A19: Fundraising | B19: Marketing & communications | C19: 10000 | D19: 12000 | E19: =D19-C19 -> 2000 | F19: =IFERROR(D19/C19-1,"") -> 0.2 | G19: 0.2 | H19: 0.2 | I19: 0 | J19: 0.6 | K19: =$D19*G19 -> 2400 | L19: =$D19*H19 -> 2400 | M19: =$D19*I19 -> 0 | N19: =$D19*J19 -> 7200 | O19: =IF(D19=0,"",IF(ABS(SUM(G19:J19)-1)<0.001,"OK","Must = 100%")) -> OK
A20: Admin | B20: Bank & payment processing fees | C20: 7000 | D20: 8000 | E20: =D20-C20 -> 1000 | F20: =IFERROR(D20/C20-1,"") -> 0.14285714 | G20: 0 | H20: 0 | I20: 0.5 | J20: 0.5 | K20: =$D20*G20 -> 0 | L20: =$D20*H20 -> 0 | M20: =$D20*I20 -> 4000 | N20: =$D20*J20 -> 4000 | O20: =IF(D20=0,"",IF(ABS(SUM(G20:J20)-1)<0.001,"OK","Must = 100%")) -> OK
A21: Admin | B21: Dues & subscriptions | C21: 2800 | D21: 3000 | E21: =D21-C21 -> 200 | F21: =IFERROR(D21/C21-1,"") -> 0.071428571 | G21: 0.2 | H21: 0.2 | I21: 0.5 | J21: 0.1 | K21: =$D21*G21 -> 600 | L21: =$D21*H21 -> 600 | M21: =$D21*I21 -> 1500 | N21: =$D21*J21 -> 300 | O21: =IF(D21=0,"",IF(ABS(SUM(G21:J21)-1)<0.001,"OK","Must = 100%")) -> OK
A22: Admin | B22: Depreciation | C22: 5000 | D22: 5000 | E22: =D22-C22 -> 0 | F22: =IFERROR(D22/C22-1,"") -> 0 | G22: 0.45 | H22: 0.35 | I22: 0.12 | J22: 0.08 | K22: =$D22*G22 -> 2250 | L22: =$D22*H22 -> 1750 | M22: =$D22*I22 -> 600 | N22: =$D22*J22 -> 400 | O22: =IF(D22=0,"",IF(ABS(SUM(G22:J22)-1)<0.001,"OK","Must = 100%")) -> OK | P22: Non-cash – excluded from Cash Flow
A23: Admin | B23: Contingency | C23: 0 | D23: 10000 | E23: =D23-C23 -> 10000 | F23: =IFERROR(D23/C23-1,"") | G23: 0.4 | H23: 0.3 | I23: 0.15 | J23: 0.15 | K23: =$D23*G23 -> 4000 | L23: =$D23*H23 -> 3000 | M23: =$D23*I23 -> 1500 | N23: =$D23*J23 -> 1500 | O23: =IF(D23=0,"",IF(ABS(SUM(G23:J23)-1)<0.001,"OK","Must = 100%")) -> OK | P23: ~1% cushion for unexpected costs
K24: =$D24*G24 -> 0 | L24: =$D24*H24 -> 0 | M24: =$D24*I24 -> 0 | N24: =$D24*J24 -> 0 | O24: =IF(D24=0,"",IF(ABS(SUM(G24:J24)-1)<0.001,"OK","Must = 100%"))
K25: =$D25*G25 -> 0 | L25: =$D25*H25 -> 0 | M25: =$D25*I25 -> 0 | N25: =$D25*J25 -> 0 | O25: =IF(D25=0,"",IF(ABS(SUM(G25:J25)-1)<0.001,"OK","Must = 100%"))
K26: =$D26*G26 -> 0 | L26: =$D26*H26 -> 0 | M26: =$D26*I26 -> 0 | N26: =$D26*J26 -> 0 | O26: =IF(D26=0,"",IF(ABS(SUM(G26:J26)-1)<0.001,"OK","Must = 100%"))
A27: Total Expenses | C27: =SUM(C5:C26) -> 953200 | D27: =SUM(D5:D26) -> 1058446.5 | E27: =SUM(E5:E26) -> 105246.5 | F27: =IFERROR(D27/C27-1,"") -> 0.11041387 | G27: =IFERROR(K27/$D27,0) -> 0.40665211 | H27: =IFERROR(L27/$D27,0) -> 0.35101821 | I27: =IFERROR(M27/$D27,0) -> 0.10171534 | J27: =IFERROR(N27/$D27,0) -> 0.14061433 | K27: =SUM(K5:K26) -> 430419.5 | L27: =SUM(L5:L26) -> 371534 | M27: =SUM(M5:M26) -> 107660.25 | N27: =SUM(N5:N26) -> 148832.75

Sheet Cash Flow
A1: Monthly Cash Flow Projection
A2: =Setup!B5&" – "&Setup!B6 -> Sample Community Nonprofit – FY2027
B4: Annual | C4: Jan | D4: Feb | E4: Mar | F4: Apr | G4: May | H4: Jun | I4: Jul | J4: Aug | K4: Sep | L4: Oct | M4: Nov | N4: Dec | O4: Total
A6: Timing assumptions (% of annual amount each month)
A7: Foundation & Corporate Grants | C7: 0.25 | D7: 0 | E7: 0 | F7: 0.15 | G7: 0 | H7: 0 | I7: 0.25 | J7: 0 | K7: 0 | L7: 0.2 | M7: 0 | N7: 0.15 | O7: =SUM(C7:N7) -> 1 | P7: =IF(ABS(O7-1)<0.001,"OK","Must = 100%") -> OK
A8: Individual Giving | C8: 0.05 | D8: 0.04 | E8: 0.05 | F8: 0.06 | G8: 0.1 | H8: 0.3 | I8: 0.06 | J8: 0.05 | K8: 0.06 | L8: 0.07 | M8: 0.08 | N8: 0.08 | O8: =SUM(C8:N8) -> 1 | P8: =IF(ABS(O8-1)<0.001,"OK","Must = 100%") -> OK
A9: Events | C9: 0 | D9: 0 | E9: 0 | F9: 0 | G9: 0 | H9: 0 | I9: 0 | J9: 0 | K9: 0 | L9: 1 | M9: 0 | N9: 0 | O9: =SUM(C9:N9) -> 1 | P9: =IF(ABS(O9-1)<0.001,"OK","Must = 100%") -> OK
A10: Earned Revenue | C10: 0.083333333 | D10: 0.083333333 | E10: 0.083333333 | F10: 0.083333333 | G10: 0.083333333 | H10: 0.083333333 | I10: 0.083333333 | J10: 0.083333333 | K10: 0.083333333 | L10: 0.083333333 | M10: 0.083333333 | N10: 0.083333333 | O10: =SUM(C10:N10) -> 1 | P10: =IF(ABS(O10-1)<0.001,"OK","Must = 100%") -> OK
A11: Other | C11: 0.083333333 | D11: 0.083333333 | E11: 0.083333333 | F11: 0.083333333 | G11: 0.083333333 | H11: 0.083333333 | I11: 0.083333333 | J11: 0.083333333 | K11: 0.083333333 | L11: 0.083333333 | M11: 0.083333333 | N11: 0.083333333 | O11: =SUM(C11:N11) -> 1 | P11: =IF(ABS(O11-1)<0.001,"OK","Must = 100%") -> OK
A12: Expenses (cash) | C12: 0.083333333 | D12: 0.083333333 | E12: 0.083333333 | F12: 0.083333333 | G12: 0.083333333 | H12: 0.083333333 | I12: 0.083333333 | J12: 0.083333333 | K12: 0.083333333 | L12: 0.083333333 | M12: 0.083333333 | N12: 0.083333333 | O12: =SUM(C12:N12) -> 1 | P12: =IF(ABS(O12-1)<0.001,"OK","Must = 100%") -> OK
A14: Cash flow
A15: Beginning cash | C15: =Setup!B11 -> 250000 | D15: =C26 -> 296962.79 | E15: =D26 -> 237225.58 | F15: =E26 -> 181688.38 | G15: =F26 -> 191851.17 | H15: =G26 -> 157313.96 | I15: =H26 -> 206776.75 | J15: =I26 -> 257939.54 | K15: =J26 -> 202402.33 | ... N15: =M26 -> 292990.71
A16: Foundation & Corporate Grants | B16: =SUMIF(Revenue!$A$5:$A$20,A16,Revenue!$D$5:$D$20) -> 410000 | C16: =$B16*C7 -> 102500 | D16: =$B16*D7 -> 0 | E16: =$B16*E7 -> 0 | F16: =$B16*F7 -> 61500 | G16: =$B16*G7 -> 0 | H16: =$B16*H7 -> 0 | I16: =$B16*I7 -> 102500 | J16: =$B16*J7 -> 0 | ... N16: =$B16*N7 -> 61500 | O16: =SUM(C16:N16) -> 410000
A17: Individual Giving | B17: =SUMIF(Revenue!$A$5:$A$20,A17,Revenue!$D$5:$D$20) -> 420000 | C17: =$B17*C8 -> 21000 | D17: =$B17*D8 -> 16800 | E17: =$B17*E8 -> 21000 | F17: =$B17*F8 -> 25200 | G17: =$B17*G8 -> 42000 | H17: =$B17*H8 -> 126000 | I17: =$B17*I8 -> 25200 | J17: =$B17*J8 -> 21000 | ... N17: =$B17*N8 -> 33600 | O17: =SUM(C17:N17) -> 420000
A18: Events | B18: =SUMIF(Revenue!$A$5:$A$20,A18,Revenue!$D$5:$D$20) -> 150000 | C18: =$B18*C9 -> 0 | D18: =$B18*D9 -> 0 | E18: =$B18*E9 -> 0 | F18: =$B18*F9 -> 0 | G18: =$B18*G9 -> 0 | H18: =$B18*H9 -> 0 | I18: =$B18*I9 -> 0 | J18: =$B18*J9 -> 0 | ... N18: =$B18*N9 -> 0 | O18: =SUM(C18:N18) -> 150000
A19: Earned Revenue | B19: =SUMIF(Revenue!$A$5:$A$20,A19,Revenue!$D$5:$D$20) -> 130000 | C19: =$B19*C10 -> 10833.333 | D19: =$B19*D10 -> 10833.333 | E19: =$B19*E10 -> 10833.333 | F19: =$B19*F10 -> 10833.333 | G19: =$B19*G10 -> 10833.333 | H19: =$B19*H10 -> 10833.333 | I19: =$B19*I10 -> 10833.333 | J19: =$B19*J10 -> 10833.333 | ... N19: =$B19*N10 -> 10833.333 | O19: =SUM(C19:N19) -> 130000
A20: Other | B20: =SUMIF(Revenue!$A$5:$A$20,A20,Revenue!$D$5:$D$20) -> 5000 | C20: =$B20*C11 -> 416.66667 | D20: =$B20*D11 -> 416.66667 | E20: =$B20*E11 -> 416.66667 | F20: =$B20*F11 -> 416.66667 | G20: =$B20*G11 -> 416.66667 | H20: =$B20*H11 -> 416.66667 | I20: =$B20*I11 -> 416.66667 | J20: =$B20*J11 -> 416.66667 | ... N20: =$B20*N11 -> 416.66667 | O20: =SUM(C20:N20) -> 5000
A21: Total cash in | B21: =SUM(B16:B20) -> 1115000 | C21: =SUM(C16:C20) -> 134750 | D21: =SUM(D16:D20) -> 28050 | E21: =SUM(E16:E20) -> 32250 | F21: =SUM(F16:F20) -> 97950 | G21: =SUM(G16:G20) -> 53250 | H21: =SUM(H16:H20) -> 137250 | I21: =SUM(I16:I20) -> 138950 | ... O21: =SUM(O16:O20) -> 1115000
A22: Personnel | B22: =SUM(Expenses!D5:D7) -> 758446.5 | C22: =$B22*C$12 -> 63203.875 | D22: =$B22*D$12 -> 63203.875 | E22: =$B22*E$12 -> 63203.875 | F22: =$B22*F$12 -> 63203.875 | G22: =$B22*G$12 -> 63203.875 | H22: =$B22*H$12 -> 63203.875 | I22: =$B22*I$12 -> 63203.875 | J22: =$B22*J$12 -> 63203.875 | ... N22: =$B22*N$12 -> 63203.875 | O22: =SUM(C22:N22) -> 758446.5
A23: Non-personnel (excl. depreciation) | B23: =SUM(Expenses!D8:D26)-Expenses!D22 -> 295000 | C23: =$B23*C$12 -> 24583.333 | D23: =$B23*D$12 -> 24583.333 | E23: =$B23*E$12 -> 24583.333 | F23: =$B23*F$12 -> 24583.333 | G23: =$B23*G$12 -> 24583.333 | H23: =$B23*H$12 -> 24583.333 | I23: =$B23*I$12 -> 24583.333 | J23: =$B23*J$12 -> 24583.333 | ... N23: =$B23*N$12 -> 24583.333 | O23: =SUM(C23:N23) -> 295000
A24: Total cash out | B24: =SUM(B22:B23) -> 1053446.5 | C24: =SUM(C22:C23) -> 87787.208 | D24: =SUM(D22:D23) -> 87787.208 | E24: =SUM(E22:E23) -> 87787.208 | F24: =SUM(F22:F23) -> 87787.208 | G24: =SUM(G22:G23) -> 87787.208 | H24: =SUM(H22:H23) -> 87787.208 | I24: =SUM(I22:I23) -> 87787.208 | ... O24: =SUM(O22:O23) -> 1053446.5
A25: Net cash flow | B25: =B21-B24 -> 61553.5 | C25: =C21-C24 -> 46962.792 | D25: =D21-D24 -> -59737.208 | E25: =E21-E24 -> -55537.208 | F25: =F21-F24 -> 10162.792 | G25: =G21-G24 -> -34537.208 | H25: =H21-H24 -> 49462.792 | I25: =I21-I24 -> 51162.792 | ... O25: =O21-O24 -> 61553.5
A26: Ending cash | C26: =C15+C25 -> 296962.79 | D26: =D15+D25 -> 237225.58 | E26: =E15+E25 -> 181688.38 | F26: =F15+F25 -> 191851.17 | G26: =G15+G25 -> 157313.96 | H26: =H15+H25 -> 206776.75 | I26: =I15+I25 -> 257939.54 | J26: =J15+J25 -> 202402.33 | ... N26: =N15+N25 -> 311553.5
A28: Lowest month-end cash | B28: =MIN(C26:N26) -> 151065.13
A29: Month of lowest cash | B29: =INDEX(C4:N4,MATCH(B28,C26:N26,0)) -> Sep
A30: Note: event costs are spread evenly here; move them to the event month by editing the Expenses timing row if you want more precision.
